 Dungeon Crawl Stone Soup version 0.30-a0-339-g89bb51ec76 (webtiles) character file.

Game seed: 15857870038127227673

9196 hikkokomori the Covert (level 11, 0/85 HPs)
             Began as a Demigod Earth Elementalist on Oct 31, 2022.
             Slain by Urug
             ... wielding a +4 demon trident
              (19 damage)
             ... on level 10 of the Dungeon on Nov 1, 2022.
             The game lasted 00:36:18 (10731 turns).

hikkokomori the Covert (DgEE)                      Turns: 10731, Time: 00:36:18

Health: 0/85       AC:  4    Str:  9    XL:     11   Next: 0%
Magic:  2/6        EV: 17    Int: 27    God:
Gold:   468        SH:  0    Dex: 26    Spells: 5/18 levels left

rFire   + . .      SeeInvis .    v - +7 long sword "Emups" {antimagic, rF+ rC++ Int+3 Dex+4}
rCold   + + .      Faith    .    (no shield)
rNeg    . . .      Spirit   .    y - +0 robe of Ice Tol {rElec Will+ Int+3 Stlth-}
rPois   .          Reflect  .    o - +0 helmet
rElec   +          Harm     .    c - +0 cloak
rCorr   .          Rampage  .    (no gloves)
Will    ++...                    (no boots)
Stlth   ++++......               (no amulet)
HPRegen 0.34/turn                j - +4 ring of slaying
MPRegen 0.10/turn                M - ring of wizardry

@: mighty, studying Stealth
A: high MP 1, forlorn, divine attributes
a: no special abilities


You were on level 10 of the Dungeon.
You visited 1 branch of the dungeon, and saw 10 of its levels.
You also visited: Sewer.

You collected 618 gold pieces.
You spent 150 gold pieces at shops.

Inventory:

Hand Weapons
 m - a +0 short sword
 v - the +7 long sword "Emups" (weapon) {antimagic, rF+ rC++ Int+3 Dex+4}
   (You found it on level 4 of the Dungeon)

   It reduces the magical energy of the wielder, and disrupts the spells and
   magical abilities of those it strikes.
   Natural abilities and divine invocations are not affected.
   Int:       It affects your intelligence (+3).
   Dex:       It affects your dexterity (+4).
   rF:        It protects you from fire.
   rC:        It greatly protects you from cold.
 J - the +4 rapier of Contention {pain, rC+ Int+2}
   (You found it on level 8 of the Dungeon)

   In the hands of one skilled in necromantic magic, it inflicts extra damage on
   living creatures.
   Int:       It affects your intelligence (+2).
   rC:        It protects you from cold.
Armour
 a - a +0 robe
 c - a +0 cloak (worn)
 o - a +0 helmet (worn)
 u - the +1 leather armour "Haohott" {rElec}
   (You found it on level 3 of the Dungeon)

   rElec:     It insulates you from electricity.
 y - the +0 robe of Ice Tol (worn) {rElec Will+ Int+3 Stlth-}
   (You found it on level 6 of the Dungeon)

   Int:       It affects your intelligence (+3).
   rElec:     It insulates you from electricity.
   Will:      It increases your willpower.
   Stlth:     It makes you less stealthy.
 E - a +0 kite shield
 O - a +1 tower shield of positive energy
Jewellery
 e - a ring of flight
 j - a +4 ring of slaying (left hand)
 s - an amulet of guardian spirit
 L - a ring of fire
 M - a ring of wizardry (right hand)
Wands
 w - a wand of digging (3)
 A - a wand of roots (5)
 D - a wand of acid (9)
 F - a wand of paralysis (13)
 G - a wand of flame (16)
Scrolls
 f - a scroll of vulnerability
 h - a scroll of silence
 l - 5 scrolls of teleportation
 n - a scroll of blinking
 p - a scroll of poison
 q - 2 scrolls of magic mapping
 r - 2 scrolls of enchant weapon
 I - 2 scrolls of amnesia
 K - a scroll of immolation
 N - a scroll of fear {unknown}
 P - a scroll of brand weapon
 S - a scroll of enchant armour
Potions
 b - a potion of magic
 d - 2 potions of invisibility
 g - 4 potions of lignification
 i - a potion of ambrosia
 t - a potion of resistance
 x - 3 potions of haste
 z - 5 potions of flight
 C - 3 potions of might
 Q - a potion of heal wounds
 R - a potion of curing
Miscellaneous
 B - a phial of floods (inert)


   Skills:
 - Level 4.5 Fighting
 - Level 6.1 Long Blades
 - Level 5.4 Dodging
 - Level 8.5 Stealth
 + Level 5.8 Shields
 + Level 4.0 Spellcasting
 - Level 1.9 Conjurations
 + Level 4.1 Summonings
 - Level 1.2 Transmutations
 + Level 3.1 Air Magic
 - Level 6.6 Earth Magic
 - Level 2.9 Evocations


You had 5 spell levels left.
You knew the following spells:

 Your Spells              Type           Power      Damage    Failure   Level
a - Sandblast             Erth           82%        2d17      1%          1
b - Passwall              Tmut/Erth      21%        N/A       1%          2
c - Stone Arrow           Conj/Erth      56%        3d10      1%          3
d - Summon Guardian Gole  Hex/Summ       16%        N/A       4%          3
e - Summon Lightning Spi  Summ/Air       24%        N/A       8%          4

Your spell library contained the following spells:

 Spells                   Type           Power      Damage    Failure   Level
 Ensorcelled Hibernation  Hex/Ice        10%        N/A       4%          2
 Dazzling Flash           Conj/Hex       20%        N/A       6%          3
 Petrify                  Tmut/Erth      26%        N/A       6%          4
 Spider Form              Tmut/Pois      8%         N/A       8%          3
 Airstrike                Air            11%        2d(2-18)  9%          4
 Iskenderun's Mystic Bla  Conj/Tloc      10%        2d4       21%         4
 Anguish                  Hex/Necr       2%         N/A       30%         4
 Lightning Bolt           Conj/Air       9%         1d22      30%         5
 Starburst                Conj/Fire      5%         6d4       96%         6
 Spellforged Servitor     Conj/Summ      10%        N/A       99%         7
 Orb of Destruction       Conj           7%         9d6       100%        7


Dungeon Overview and Level Annotations

Branches:
Dungeon (10/15)            Temple (0/1) D:7           Sewer (visited)
   Lair: D:8-11         Orc: D:9-12

Shops:
D:9 *::[

Annotations:
D:10 Urug


Innate Abilities, Weirdness & Mutations

You have an increased reservoir of magic. (+10% MP)
You shall have no god before yourself.
Your divine heritage dramatically boosts your attributes as you level up.


Message History

Press: ? - help, v - describe, . - travel
Here: Urug, wielding a +4 demon trident, wearing a +0 scale mail and quivering silver javelins (asleep)
The floor.
Aiming: Paralyse
Press: ? - help, Shift-Dir - straight line, f - Urug
Aim: Urug, wielding a +4 demon trident, wearing a +0 scale mail and quivering silver javelins (asleep, chance to affect: 38%)
Okay, then.
Okay, then.
Okay, then.
Okay, then.
Aiming: Corrosive Bolt
Press: ? - help, Shift-Dir - straight line
Okay, then.
Okay, then.
Really read the scroll of torment?
As you read the scroll of torment, it crumbles to dust.
Your body is wracked with pain!
Urug convulses!
Urug howls with blood-lust.
Urug throws a silver javelin.
The silver javelin misses you.
Unknown command.
You close the door.
You feel very mighty all of a sudden.
Casting: Summon Guardian Golem (mildly dangerous; 4% risk of failure)
Confirm with . or Enter, or press ? or * to list all spells.
An electric hum fills the air.
Urug opens the door.
Your lightning spire shoots out a bolt of lightning at Urug!
The bolt of electricity hits Urug.
Urug squints and says, "You're the ugliest harpy I ever saw."
Urug hits you with a +4 demon trident!!
* * * LOW HITPOINT WARNING * * *
There is an open door, spattered with blood here.
You slash Urug!
Urug is severely wounded.
Urug hits you with a +4 demon trident.
* * * LOW HITPOINT WARNING * * *
You closely miss Urug.
Urug is severely wounded.
Urug hits you with a +4 demon trident!!
You die...

..##.............
####......>......
######'####### #..#
##.# #####'######
#..........#
+.......8..####
#..........@o.#
#..........##.....+
##+######### #####


You could see Urug (ally target) and a friendly lightning spire (summoned).

Vanquished Creatures
  4 two-headed ogres (D:9)
  A gargoyle (D:10)
  A komodo dragon (D:10)
  A hornet (D:9)
  The ghost of rageheart7 the Trooper, an amateur OgGl (D:6)
  A shadow (D:8)
  2 wyverns
  8 yaks
  Menkaure (D:7)
  An acid dragon (D:9)
  2 water moccasins (D:8)
  An ice beast (D:8)
  2 sky beasts
  4 orc warriors
  7 centaurs
  3 ogres
  A phantom (D:4)
  A bullfrog (D:7)
  2 gnoll sergeants
  3 scorpions
  2 jellies
  3 hounds
  A gnoll bouda (D:7)
  4 orc priests
  3 iguanas
  4 orc wizards
  A merfolk siren (Sewer)
  A merfolk avatar (Sewer)
  15 gnolls
  18 adders
  A dart slug (D:3)
  26 orcs
  6 endoplasms
  8 giant cockroaches
  14 goblins
  7 hobgoblins
  5 jackals
  5 kobolds
  3 quokkas
  12 ball pythons
  9 bats
  8 frilled lizards
  25 rats
228 creatures vanquished.

Vanquished Creatures (collateral kills)
  A yak (D:9)
1 creature vanquished.

Vanquished Creatures (others)
  A troll (D:10)
  5 yaks (D:9)
6 creatures vanquished.

Grand Total: 235 creatures vanquished

Notes
Turn   | Place    | Note
-------+----------+-------------------------------------------
     0 | D:1      | hikkokomori the Demigod Earth Elementalist began the quest
                  | for the Orb.
     0 | D:1      | Reached XP level 1. HP: 14/14 MP: 5/5
   252 | D:1      | Reached skill level 1 in Transmutations
   414 | D:1      | Reached skill level 2 in Stealth
   468 | D:1      | Reached XP level 2. HP: 20/20 MP: 5/7
   630 | D:1      | You fall into a shaft and drop 1 floor!
   918 | D:2      | Reached XP level 3. HP: 26/26 MP: 4/8
  2033 | D:3      | Identified the +1 leather armour "Haohott" {rElec}
  2102 | D:3      | Learned a level 2 spell: Passwall
  2106 | D:3      | Learned a level 3 spell: Stone Arrow
  2232 | D:3      | Reached XP level 4. HP: 26/33 MP: 7/10
  2564 | D:4      | Identified the +7 long sword "Emups" {antimagic, rF+ rC++
                  | Int+3 Dex+4}
  2960 | D:4      | Noticed a phantom
  2967 | D:4      | Killed a phantom
  2968 | D:4      | Reached skill level 3 in Stealth
  2968 | D:4      | Reached XP level 5. HP: 32/39 MP: 3/11
  3197 | D:4      | Reached skill level 1 in Fighting
  3197 | D:4      | Reached skill level 1 in Long Blades
  3590 | D:5      | Entered Level 5 of the Dungeon
  3777 | D:5      | Reached XP level 6. HP: 38/47 MP: 4/12
  3996 | D:5      | Reached skill level 5 in Earth Magic
  4279 | D:5      | Reached skill level 4 in Stealth
  4279 | D:5      | Reached XP level 7. HP: 43/55 MP: 4/13
  4643 | D:6      | Found a runed translucent gate.
  4643 | D:6      | Found a runed translucent gate.
  4643 | D:6      | Found a runed translucent gate.
  4663 | D:6      | Identified the +0 robe of Ice Tol {rElec Will+ Int+3
                  | Stlth-}
  4675 | D:6      | Noticed rageheart7's ghost (amateur OgGl)
  4739 | D:6      | Found a glowing drain.
  4895 | Sewer    | Entered a sewer
  5183 | Sewer    | Reached skill level 1 in Conjurations
  5492 | D:6      | Killed rageheart7's ghost
  5493 | D:6      | Reached XP level 8. HP: 28/63 MP: 1/15
  6462 | D:7      | Reached skill level 1 in Shields
  6875 | D:7      | Reached XP level 9. HP: 67/72 MP: 5/16
  6880 | D:7      | Reached skill level 1 in Evocations
  7249 | D:7      | Found a staircase to the Ecumenical Temple.
  7564 | D:7      | Reached skill level 5 in Long Blades
  7580 | D:7      | Noticed Menkaure
  7584 | D:7      | Killed Menkaure
  7585 | D:7      | Reached skill level 5 in Stealth
  7791 | D:8      | Identified the +4 rapier of Contention {pain, rC+ Int+2}
  8217 | D:8      | Reached skill level 6 in Stealth
  8377 | D:8      | Learned a level 3 spell: Summon Guardian Golem
  8912 | D:9      | Paralysed by a hornet for 1 turns
  9109 | D:9      | Noticed a two-headed ogre
  9120 | D:9      | Killed a two-headed ogre
  9121 | D:9      | Reached skill level 5 in Dodging
  9121 | D:9      | Reached skill level 1 in Summonings
  9121 | D:9      | Reached XP level 10. HP: 79/80 MP: 3/17
  9145 | D:9      | Noticed a two-headed ogre
  9148 | D:9      | Found Vurot's General Store.
  9153 | D:9      | Killed a two-headed ogre
  9154 | D:9      | Reached skill level 7 in Stealth
  9260 | D:9      | Bought a scroll of identify for 24 gold pieces
  9260 | D:9      | Noticed a two-headed ogre
  9264 | D:9      | Noticed a two-headed ogre
  9353 | D:8      | Learned a level 4 spell: Summon Lightning Spire
  9655 | D:9      | Killed a two-headed ogre
  9656 | D:9      | Reached skill level 5 in Shields
  9656 | D:9      | Reached skill level 1 in Air Magic
  9659 | D:9      | Reached skill level 8 in Stealth
  9911 | D:9      | Killed a two-headed ogre
  9922 | D:9      | Bought a scroll of blinking for 90 gold pieces
  9922 | D:9      | Bought a scroll of teleportation for 36 gold pieces
 10175 | D:9      | Found Curr's Book Shop.
 10177 | D:9      | Found Kinucw's Book Shop.
 10290 | D:9      | Found Amoipecu's Antique Armour Shoppe.
 10474 | D:10     | Entered Level 10 of the Dungeon
 10508 | D:10     | Reached XP level 11. HP: 26/85 MP: 6/20
 10722 | D:10     | Noticed Urug
 10731 | D:10     | Slain by Urug

Illustrated notes

Levels and vault maps discovered:
D:1:      nagdon_arrival_double_spiral, layout_loops_corners, serial_shops,
          nicolae_square_shop, dilly_ecumenical_altar_fadedgnrine
D:2:      layout_rooms
D:3:      minmay_razor_zed, layout_basic,
          mainiacjoe_overflow_concentric_impassable
D:4:      kennysheep_the_goblin_king, layout_basic, overflow_temple_1_default,
          kennysheep_generic_room_11
D:5:      layout_loops_ring, nzn_wu_jian_council_hall, serial_glass,
          glass_columns_b, glass_columns_b, dk_rats_in_the_wall
D:6:      layout_loops_ring, mainiacjoe_overflow_alcove_3,
          grunt_gozag_breadcrumbs, general_overflow_altar,
          gup_sewer_entry_glass, ebering_ghost_rock_garden
D:7:      layout_basic, nicolae_overflow_crystal_walls,
          mainiacjoe_overflow_six_doors_small, minmay_temple_entry_grid,
          nicolae_sextant, minmay_manual_mares, uniq_menkaure
D:8:      layout_basic, makhleb_blood_cavern_becter, tso_metal_star,
          skrybe_limestone_x, dreamdust_princess_bridge
D:9:      layout_cave_pools, serial_shops, shop, shop, shop,
          nicolae_shop_statue_plus, minmay_misc_feat_columns
D:10:     layout_roguey, old_standard_altar, mainiacjoe_overflow_catwalk,
          orc_0_dummy, uniq_grum, uniq_lodul, uniq_fannar, uniq_urug

Skill      XL: |  1  2  3  4  5  6  7  8  9 10 |
---------------+-------------------------------+-----
Transmutations | 1 |  1.2
Stealth        | 2 3 4 6 8 |  8.5
Dodging        | 2 3 5 |  5.4
Spellcasting   | 2 4 |  4.0
Earth Magic    | 3 4 5 6 |  6.6
Fighting       | 1 2 3 4 |  4.5
Long Blades    | 1 2 3 4 5 6 |  6.1
Conjurations   | 1 |  1.9
Shields        | 2 4 5 |  5.8
Evocations     | 2 |  2.9
Summonings     | 1 4 |  4.1
Air Magic      | 3 |  3.1

Action                   |  1- 3 |  4- 6 |  7- 9 | 10-12 || total
-------------------------+-------+-------+-------+-------++-------
Melee: Unarmed           |    14 |       |       |       ||    14
       Short sword       |    12 |       |       |       ||    12
       Long sword        |       |    64 |   277 |    54 ||   395
       Rapier            |       |       |     5 |       ||     5
 Cast: Sandblast         |    72 |    14 |    11 |       ||    97
       Passwall          |       |     1 |     2 |       ||     3
       Summon Guardian G |       |       |     1 |     6 ||     7
       Summon Lightning  |       |       |       |     4 ||     4
Evoke: Wand              |       |       |     4 |     6 ||    10
       Phial of floods   |       |       |       |     1 ||     1
  Use: Scroll            |       |       |    16 |     4 ||    20
       Potion            |       |       |     3 |     2 ||     5
 Stab: Sleeping          |     2 |     4 |    15 |       ||    21
       Distracted        |       |       |     3 |     1 ||     4
       Paralysed         |       |       |     3 |       ||     3
Armor: Robe              |    23 |       |       |     1 ||    24
       Leather armour    |     1 |    26 |    92 |     6 ||   125
Dodge: Dodged            |    41 |    43 |   199 |    41 ||   324
Block: Kite shield       |       |       |       |     7 ||     7

Table legend: (Time is in decaauts)
 A = Elapsed time spent in this place.
 B = Non-inter-level travel time spent in this place.
 C = Inter-level travel time spent in this place.
 D = Time resting spent in this place.
 E = Time spent auto-exploring this place.
 F = Levels seen in this place.
 G = Mean time per level.
                   A        B        C        D        E       F      G
               +--------+--------+--------+--------+--------+-----+--------+
         Total |  10907 |  10475 |    432 |   1133 |   7309 |  11 |  991.5 |
       Dungeon |  10480 |  10048 |    432 |   1093 |   7188 |  10 | 1048.0 |
         Sewer |    427 |    427 |      0 |     40 |    121 |   1 |  427.0 |
               +--------+--------+--------+--------+--------+-----+--------+

Top non-repeatable levels by time:
     D:8: 1688 daAuts
     D:7: 1427 daAuts
     D:6: 1318 daAuts
     D:3: 1252 daAuts
     D:4: 1158 daAuts
     D:9: 1078 daAuts
     D:5: 1007 daAuts
     D:2: 652 daAuts
     D:1: 638 daAuts
   Sewer: 427 daAuts
    D:10: 257 daAuts
